Cogmind - Beta 15 @@@ ROGUE MODE // 2025.07.29 @ 13:50:29 Player: ilja Result: Destroyed by YP-FVA(R) with Subdweller Laser Performance ------------- Evolutions (0) 0 Regions Visited (3) 600 Robots Destroyed (19) 95 Value Destroyed (454) 454 Prototype IDs (11) 220 Alien Tech Used (0) 0 Bonus (65) 65 TOTAL SCORE: 1434 Bonus ------- Follower Combat Kills 65 Cogmind --------- Core Integrity 0/250 Matter 300/300 Energy 190/200 System Corruption 0% Temperature Cool (6) Movement Rolling (100) Location -10/Subcaves Parts ------- > --- POWER (1+3) ------ Subdweller Power Source > --- PROPULSION (2) --- Compact Wheel > --- UTILITY (2) ------ Small Storage Unit Power Bank > --- WEAPON (2) ------- Particle Gun > --- INVENTORY (8) ---- Light Treads Heat Sink Subdweller Optics Sensor Array Improved Terrain Scanner Seismic Detector Piercing Trap Piercing Trap Peak State ------------ > --- POWER ------------ Subdweller Power Source > --- PROPULSION ------- Compact Wheel > --- UTILITY ---------- Small Storage Unit Power Bank > --- WEAPON ----------- Particle Gun > --- INVENTORY -------- Light Treads Heat Sink Subdweller Optics Sensor Array Improved Terrain Scanner Seismic Detector Piercing Trap Piercing Trap [Rating: 16] Favorites ----------- Power Ion Engine Engine Ion Engine Power Core Light Nuclear Core Propulsion Light Treads Treads Light Treads Wheel Compact Wheel Utility Small Storage Unit Device Seismic Detector Storage Small Storage Unit Weapon Medium Laser Energy Gun Medium Laser Special Weapon Mining Laser Build | -11 -10 -10 -10 ------- Run | Yrd Mat Min Sub Slots Evolved . | . . . . Power . | . . . . Propulsion . | . . . . Utility . | . . . . Weapon . | . . . . Parts Attached 16 | 7 . 5 4 Power 4 | 1 . 2 1 Engine 3 | 1 . 1 1 Core 1 | . . 1 . Reactor . | . . . . Propulsion 4 | 2 . 2 . Treads 2 | 2 . . . Leg . | . . . . Wheel 2 | . . 2 . Hover . | . . . . Flight . | . . . . Utility 3 | 2 . . 1 Device 2 | 1 . . 1 Storage 1 | 1 . . . Processor . | . . . . Hackware . | . . . . Protection . | . . . . Artifact . | . . . . Weapon 5 | 2 . 1 2 Energy Gun 4 | 2 . 1 1 Energy Cannon . | . . . . Ballistic Gun . | . . . . Ballistic Cannon . | . . . . Launcher . | . . . . Special Weapon 1 | . . . 1 Impact Weapon . | . . . . Slashing Weapon . | . . . . Piercing Weapon . | . . . . Special Melee Weapon . | . . . . Unidentified Prototypes . | . . . . Parts Lost 7 | . . 3 4 Power 2 | . . 1 1 Propulsion 1 | . . . 1 Utility . | . . . . Weapon 4 | . . 2 2 Highest Loss Streak 2 | . . 2 2 To Critical Strikes . | . . . . Average Backups 5 | 4 7 6 5 Power . | . 2 . . Propulsion 1 | 1 2 1 1 Utility 2 | . 1 2 3 Weapon . | 1 2 1 . Tool/Special . | . . . . Unused Backups 5 | . . 1 4 Power 1 | . . 1 . Propulsion . | . . . . Utility 4 | . . . 4 Weapon . | . . . . Tool/Special . | . . . . Average Slot Usage (%) 82 | . 100 93 73 Engine 5 | . 14 9 2 Treads 7 | . 28 15 . Wheel 18 | . . 12 24 Device 13 | . 14 14 13 Storage 13 | . 14 14 13 Energy Gun 17 | . 28 24 13 Special Weapon 4 | . . . 7 Peak Build Rating 16 | 7 7 10 16 Average Rating 7 | 5 7 7 8 On Entrance 5 | . 7 7 6 Naked Turns . | . . . . Heaviest Build 16 | 15 15 15 16 Greatest Support 40 | 40 40 40 26 Greatest Overweight (x) . | . . . . Average Overweight (x) . | . . . . Largest Inventory Capacity 8 | 8 8 8 8 Average Capacity 7 | 7 8 8 8 Most Carried 8 | 7 7 8 8 Average Carried 5 | 4 7 6 5 Final Capacity 8 | 8 8 8 8 Final Carried 8 | 7 7 5 8 Class Distribution -------------------- 100% | Mutant Dominant Class ---------------- Mutant | -10/Materials Mutant | -10/Mines Mutant | -10/Subcaves Resources | -11 -10 -10 -10 ----------- Run | Yrd Mat Min Sub Matter Collected 345 | 270 . 45 30 Remotely . | . . . . Salvage Created 684 | 232 87 235 130 Parts 37 | 20 4 7 6 Haulers Intercepted . | . . . . Recyclers Shooed . | . . . . Parts Field Recycled . | . . . . Retrieved Matter . | . . . . Parts Self-Destructed 6 | . . . 6 Prevented . | . . . . Kills | -11 -10 -10 -10 ------- Run | Yrd Mat Min Sub Combat Hostiles Destroyed 10 | . 2 5 3 Guns 10 | . 2 5 3 Classes Destroyed 5 | 3 1 . 1 Worker 2 | 2 . . . Tunneler 6 | 6 . . . Recycler 1 | 1 . . . Grunt 8 | . 2 5 1 Subdweller 2 | . . . 2 Best Kill Streak 3 | 3 2 1 1 Combat Bots Only 2 | . 2 1 1 Max Kills in Single Turn 1 | 1 1 1 1 Gunslinging . | . . . . Exploded . | . . . . Melee . | . . . . Uniques/NPCs Destroyed . | . . . . Combat | -11 -10 -10 -10 -------- Run | Yrd Mat Min Sub Hostile Shots Fired 105 | . 20 54 31 Missed 28 | . 7 13 8 Hits 77 | . 13 41 23 Projectile 77 | . 13 41 23 Critical Strikes 3 | . 2 1 . Damage Taken 1108 | . 192 504 412 Core 267 | . 13 106 148 Absorbed by Shields . | . . . . Core Remaining (%) 100 | 100 . . . Volleys Fired 93 | 28 7 32 26 Largest 2 | 2 2 2 1 Hottest 100 | 100 100 100 100 Shots Fired 144 | 51 14 53 26 Gun 137 | 51 14 53 19 Cannon . | . . . . Launcher . | . . . . Special 7 | . . . 7 Kinetic . | . . . . Thermal 144 | 51 14 53 26 Explosive . | . . . . Electromagnetic . | . . . . Robot Hit Streak 10 | 6 3 10 3 Robot Miss Streak 3 | 3 2 3 2 Penetration Max . | . . . . Secondary Targets . | . . . . Shots Hit Robots 85 | 30 8 34 13 Core Hits 34 | 10 5 12 7 Critical Kills . | . . . . Critical Parts Destroyed . | . . . . Critical Strikes 15 | 6 . 7 2 Burn 15 | 6 . 7 2 Melee Attacks . | . . . . Impact . | . . . . Slashing . | . . . . Piercing . | . . . . Sneak Attacks . | . . . . Combat Hostiles . | . . . . Follow-up Attacks . | . . . . Damage Inflicted 1087 | 376 101 427 183 Guns 1085 | 376 101 425 183 Cannons . | . . . . Explosions . | . . . . Melee . | . . . . Ramming 2 | . . 2 . Kinetic . | . . . . Thermal 1085 | 376 101 425 183 Explosive . | . . . . Electromagnetic . | . . . . Impact . | . . . . Slashing . | . . . . Piercing . | . . . . Highest Corruption . | . . . . Average Corruption . | . . . . Corruption Purged . | . . . . Corruption Blocked . | . . . . Overload Shots . | . . . . Overflow Damage . | . . . . Projectiles . | . . . . Explosions . | . . . . Melee . | . . . . Knockbacks . | . . . . Impact . | . . . . Kinetic . | . . . . Secondary . | . . . . Self-Inflicted Damage . | . . . . Shots . | . . . . Rammed 1 | . . 1 . Targets Rammed 1 | . . 1 . Kicked . | . . . . Crushed . | . . . . Highest Temperature 328 | 100 308 328 19 Average Temperature 98 | 39 135 138 11 Received Heat Transfer 522 | . 144 300 78 Effects 3 | . . 3 . Energy Bleed 3 | . . 3 . Siege Activations . | . . . . Martial Activations . | . . . . Shielding Activations . | . . . . Robots Disrupted . | . . . . Combat Hostiles . | . . . . Robots Corrupted . | . . . . Combat Hostiles . | . . . . Parts Fried . | . . . . Impact Corruptions . | . . . . Robots Melted . | . . . . Combat Hostiles . | . . . . Parts Melted 9 | 6 1 2 . Heat Transferred 4255 | 1554 296 1776 629 Parts Sabotaged . | . . . . Parts Stolen . | . . . . Parts Stripped . | . . . . Power Chain Reactions . | . . . . Alert | -11 -10 -10 -10 ------- Run | Yrd Mat Min Sub Maximum Alert Level . | . . . . Low Security (%) 100 | 100 100 100 . Level 1 . | . . . . Level 2 . | . . . . Level 3 . | . . . . Level 4 . | . . . . Level 5 . | . . . . High Security . | . . . . Max Security . | . . . . Peak Influence 50 | 10 50 31 . Initial 3 | . . 3 . Average 5 | 1 19 5 . Influence Increases 293 | 45 50 146 52 Destroy 0b10 Robot/C 180 | . 40 100 40 Destroy 0b10 Robot/NC 45 | 45 . . . Destroy Leader 50 | . 10 30 10 Allied During Kill 3 | . . 1 2 Lose Combat Pursuer 15 | . . 15 . Influence Decreases 293 | 45 40 156 52 Entered New Map 7 | . . 7 . Time Decay 256 | 45 40 129 42 Lost Part 30 | . . 20 10 Squads Dispatched 1 | . 1 . . Investigation . | . . . . Extermination . | . . . . Reinforcement 1 | . 1 . . Assault . | . . . . Garrison . | . . . . Intercept . | . . . . Searches Triggered . | . . . . Construction Impeded . | . . . . Haulers Reinforced . | . . . . Active Scanning Responses . | . . . . Cargo Convoy Interrupts . | . . . . Stealth | -11 -10 -10 -10 --------- Run | Yrd Mat Min Sub Distress Signals . | . . . . Communications Jammed . | . . . . Distress Signals . | . . . . Times Spotted 17 | . 4 6 7 Peak Tracking Total 2 | . 2 2 2 Tactical Retreats 1 | . . 1 . Traps | -11 -10 -10 -10 ------- Run | Yrd Mat Min Sub Traps Triggered . | . . . . Indirectly . | . . . . Trap Hack Attempts . | . . . . Triggered . | . . . . Disarmed . | . . . . Reprogrammed . | . . . . Reused . | . . . . Traps Extracted . | . . . . Installed . | . . . . Triggered . | . . . . Most Traps Carried 2 | . . . 2 Machines | -11 -10 -10 -10 ---------- Run | Yrd Mat Min Sub Machines Disabled 1 | . . . 1 Max in Single Turn 1 | . . . 1 Machines Repaired . | . . . . Machines Dismantled . | . . . . Machines Sabotaged . | . . . . Overloaded Fab Kills . | . . . . Hacking | -11 -10 -10 -10 --------- Run | Yrd Mat Min Sub Machines Accessed 3 | . 1 . 2 Terminals 1 | . 1 . . Fabricators . | . . . . Repair Stations . | . . . . Recycling Units . | . . . . Scanalyzers . | . . . . Garrison Access . | . . . . Total Hacks 8 | . 1 . 7 Successful 8 | . 1 . 7 Failed . | . . . . Catastrophic . | . . . . Database Lockouts . | . . . . Manual . | . . . . Terminals 1 | . 1 . . Fabricators . | . . . . Repair Stations . | . . . . Recycling Units . | . . . . Scanalyzers . | . . . . Garrison Access . | . . . . Terminal Hacks 8 | . 1 . 7 Record 7 | . 1 . 6 Proto ID Catalog 1 | . . . 1 Fabricator Hacks . | . . . . Repair Station Hacks . | . . . . Recycling Unit Hacks . | . . . . Scanalyzer . | . . . . Garrison Access Hacks . | . . . . Unauthorized Hacks . | . . . . Terminals . | . . . . Fabricators . | . . . . Repair Stations . | . . . . Recycling Units . | . . . . Scanalyzers . | . . . . Garrison Access . | . . . . Data Cores Recovered . | . . . . Used . | . . . . Hacking Detections . | . . . . Full Trace Events . | . . . . Feedback Events . | . . . . Feedback Blocked . | . . . . Robot Schematics Acquired . | . . . . Robots Built . | . . . . Authchips . | . . . . Time . | . . . . Total Robot Build Rating . | . . . . Part Schematics Acquired . | . . . . Parts Built . | . . . . Authchips . | . . . . Time . | . . . . Total Part Build Rating . | . . . . Parts Repaired . | . . . . Time . | . . . . Parts Recycled . | . . . . Recycled Matter . | . . . . Retrieved Matter . | . . . . Retrieved Components . | . . . . Parts Scanalyzed . | . . . . Part Schematics Acquired . | . . . . Parts Damaged . | . . . . Bothacking | -11 -10 -10 -10 ------------ Run | Yrd Mat Min Sub Used RIF Installer . | . . . . Robots Hacked . | . . . . Non-combat . | . . . . Combat . | . . . . Robot Hacks Applied . | . . . . Relay Couplers Released . | . . . . Fabnet Peak Effective % . | . . . . Robots Rewired . | . . . . Allies Hacked . | . . . . Hacks Repelled . | . . . . Allies | -11 -10 -10 -10 -------- Run | Yrd Mat Min Sub Total Allies 2 | . . 2 . Largest Group 2 | . . 2 1 Highest-Rated Group 49 | . . 49 22 Highest-Rated Ally 31 | . . 31 22 Total Orders . | . . . . Ally Attacks 9 | . . 6 3 Total Damage 208 | . . 103 105 Kills 2 | . . . 2 Allies Corrupted . | . . . . Allies Melted . | . . . . Intel | -11 -10 -10 -10 ------- Run | Yrd Mat Min Sub Active Infowar (turns) 1909 | 46 129 725 1009 Seismic 1909 | 46 129 725 1009 Robot Analysis Total . | . . . . Derelict Logs Recovered 3 | . . 2 1 Drone Launches . | . . . . Drone Recoveries . | . . . . Exploration | -11 -10 -10 -10 ------------- Run | Yrd Mat Min Sub Turns Passed 2527 | 382 129 725 1291 Spaces Moved 2044 | 182 68 477 1317 Core 4 | 4 . . . Treads 461 | 178 68 215 . Legs . | . . . . Wheels 1579 | . . 262 1317 Hover . | . . . . Flight . | . . . . Fastest Speed 50 | 50 160 90 90 Average Speed 106 | 157 160 121 91 Slowest Speed 160 | 160 160 160 100 Overloaded Moves . | . . . . Propulsion Burnouts . | . . . . Robots Hopped . | . . . . Potential Cave-ins . | . . . . Cave-ins Triggered . | . . . . Exploration Rate (%) 34 | 7 13 79 38 Regions Visited 3 Branch Regions 2 Pre-discovered Areas 2 | . . 1 1 Known Exits Taken . | . . . . Unknown Exits Taken 3 | 1 1 1 . Scrap Searched 1 | . . 1 . Spaces Dug . | . . . . Terrain Destroyed . | . . . . Melee . | . . . . Projectile . | . . . . AOE . | . . . . Terrain Rammed . | . . . . Walls Destroyed . | . . . . Machines Disabled . | . . . . Actions | -11 -10 -10 -10 --------- Run | Yrd Mat Min Sub Total 2223 | 223 74 568 1358 Wait 51 | . . 48 3 Move 2041 | 181 67 476 1317 Hop . | . . . . Pick Up 14 | 7 . 3 4 Fast Attach 9 | 7 . . 2 Attach 5 | . . 3 2 Detach 1 | . . . 1 Swap 2 | . . 2 . Drop 3 | . . 3 . Fire 93 | 28 7 32 26 Melee . | . . . . Ram . | . . . . Kick . | . . . . Crush 1 | . . 1 . Escape Stasis . | . . . . Rewire 3 | . . . 3 Trap . | . . . . Miscellaneous . | . . . . Route ------- -11/Scrapyard -10/Materials -10/Mines -10/Subcaves History --------- Turn | Location | Event 26 | -11/Scrapyard | Discovered new exit (range 16) 383 | -11/Scrapyard | Entered Materials 384 | -10/Materials | Build established: Mutant 443 | -10/Materials | Discovered new exit (range 16) 512 | -10/Materials | Entered Mines 969 | -10/Mines | Learned location of 1 exit from Materials 1108 | -10/Mines | Learned location of Zion (-6) 1204 | -10/Mines | Discovered new exit (range 11) 1237 | -10/Mines | Entered Subcaves 1237 | -10/Subcaves | Accompanied by 1 ally 1238 | -10/Subcaves | Approached by a straggling Scientist 1525 | -10/Subcaves | Visited 4L-MR0's lab 1622 | -10/Subcaves | Found Power Bank 1765 | -10/Subcaves | Shifting Twisted Machinery released Piercing Trap 1859 | -10/Subcaves | Core integrity fell below 50% 1896 | -10/Subcaves | Visited Clippyterm 1898 | -10/Subcaves | Learned Factory fabricator intel 1898 | -10/Subcaves | Learned Factory emergency access door positions 2248 | -10/Subcaves | Attached Power Bank, gained temporary slots: Power x3 2458 | -10/Subcaves | Disturbed a concealed Subdweller 2526 | -10/Subcaves | Core integrity fell below 20% 2528 | -10/Subcaves | Destroyed by YP-FVA(R) with Subdweller Laser Last Messages --------------- 02052_ Acquired derelict log, extracted data. World map updated: -10/Materials. 02076_ Attempting to rewire GK-IOT(R). 02076_ GK-IOT(R) is broken beyond repair. 02131_ Acquired Piercing Trap. 02153_ Attempting to rewire GK-IOT(R). 02153_ GK-IOT(R) is broken beyond repair. 02247_ Mining Laser destroyed. 02248_ Core temporarily expanded with Power slot. 02254_ Wheel destroyed. 02256_ KK-B2R(R) destroyed. 02268_ Subatomizers dissect the Disposable Heat Sink. 02458_ CG-0OK(R) angrily emerges from the Twisted Machinery. 02464_ CG-0OK(R) affixes Scrap Shield Fragment to Scrap Shield. 02465_ CG-0OK(R) destroyed. 02470_ Acquired Sub. Power Source. 02475_ Subatomizers dissect the Sub. Monowheel. 02475_ Acquired Sub. Optics. 02485_ Acquired 10 matter. 02528_ YP-FVA(R) suffers critical hit (Burn). Map ----- +----------------------------------------------------+ | ?????????## #???????????????????????????????????? | | ?????????# ##???????????????????????????????????? | | ?????????## #???????????????????????????????????? | | ??????????# ######???????????????????????????????? | | ??????????# #???????????????????????????????? | | ??????????# ##??????????????????????????????? | | ?????????# # # #??????????????????????????????? | | ?????????####### #??????????????????????????????? | | ??????????????# ##??????????????????????????????? | | ??????????????## #??????????????????????????????? | | ???????????????# #??????????????????????????????? | | ??????????????## #??????????????????????????????? | | ??????????????# #???????????#######????????????? | | ??????????????## ##??????????#[=#$&#????????????? | | ??????????????# ##?????????#$&&%$#????????????? | | ??????????????# && ##????????###&"##????????????? | | ??????????????####%& #?????????#$ ###????????????? | | ??????????######### #????????### # #????????????? | | ?????????## # # # ##?????### < < #????????????? | | ?????????# ####?## #######??????? | | ?????????# #?# ###????? | | ?????????# ## #### ! % #????? | | ?????????## #### ## RR## #????? | | ?????????# ##??# /=### # ## #????? | | ?????????## #??## ##?# ##########????? | | ?????????# ###### # @ ###?? ?????????????? | | ?????????## ### # # ##??? ## ????????????? | | ?????????# ### # #?? ??# ???????????? | | ?????????# ## # #? "???? ??????????? | | ?????????## #### ### ## "???? ?????????? | | ??????????# ### #?##### #"##?????? ##????????? | | ??????????# # #?????#####??????? #?????????? | | ?????????## #????????###?????? ?????????? | | ????????## ### ###??####### ##?????? ????????? | | ????????# #####???##" ## ##?????? #????????? | | ????????# ######## #???????#????????? | | ????????#### % ## ## ###### #????????????????? | | ??????####### ##????# ##???????????????? | | ??????# ## ####### #???????????????? | | ??????# ## ## """"""#""" #??????????????? | | ??????# ##### ####""#"""" ""????????????? | | ??????# ## ##### ##???# # "##???????????? | | ??????## ## # # "#????# # #????????????? | | ???????# ## ""#????# ## #????????????? | | ???????## ### ##???# ### ##????????????? | | ????????###?######### ##?## #?? ##?????????????? | | ????????????????????# ### #??###??????????????? | | ????????????????????### #???????????????????? | | ??????????????????????########???????????????????? | | ?????????????????????????????????????????????????? | +----------------------------------------------------+ Best States ------------- Heat Dissipation 25 Energy Generation 15 Energy Capacity 250 Matter Stores 300 Matter Capacity 300 Sight Range 16 Terrain Scan Density 10 Evasion (%) 42 Recoil Reduction 2 Item Schematics ----------------- None Robot Schematics ------------------ None Fabricated ------------ Nothing Repaired ---------- Nothing Alien Tech Used ----------------- None Achievements -------------- None Challenges ------------ None Game ------ Seed CompanionSalvageCharge Manual? 0 Play Time 00:29:13 Cumulative 5.4 hours Start 2025.07.29 @ 13:20:33 End 2025.07.29 @ 13:50:29 Sessions 1 Manual Loads 0 Difficulty Rogue Special Mode None Game No. 13 Rogue 13 Adventurer 0 Explorer 0 Win Type - Total 0 Types 0/0/0/0/0/0/0/0/0/0 Lore% 5 Gallery% 8 Achievement% 10 Wizard Run 0 Options --------- Layout 0 ASCII 0 Keyboard 0 Movement Arrows Keybinds 0 Fullscreen 1 Font 20/SmallcapsGlow Map View 66x50 Zoom Use 0% Tactical HUD 1 Map Filters NONE Filters NONE Steam 1 RUN: cefa245c-e517-46eb-9c91-35b30679dbc1